 Dungeon Crawl Stone Soup version 0.29.1-14-g9c671dbff4 (webtiles) character file.

Game seed: 6740307134087160101

63 Cape the Covered (level 3, 0/33 HPs)
             Began as a Minotaur Fighter on Feb 17, 2023.
             Slain by a gnoll
             ... wielding a +0 halberd
              (4 damage)
             ... on level 2 of the Dungeon.
             The game lasted 00:02:45 (1309 turns).

Cape the Covered (Minotaur Fighter)                 Turns: 1309, Time: 00:02:46

Health: 0/33       AC:  7    Str: 22    XL:     3   Next: 89%
Magic:  2/2        EV:  9    Int:  5    God:
Gold:   150        SH:  4    Dex:  9    Spells: 2/2 levels left

rFire   . . .      SeeInvis .   a - +0 war axe
rCold   . . .      Faith    .   c - +0 buckler
rNeg    . . .      Spirit   .   b - +0 scale mail
rPois   .          Reflect  .   (helmet restricted)
rElec   .          Harm     .   (no cloak)
rCorr   .          Rampage  .   (no gloves)
Will    .....                   (no boots)
Stlth   ..........              h - amulet of the acrobat
HPRegen 0.11/turn               (no ring)
MPRegen 0.08/turn               (no ring)

@: no status effects
A: horns 2, retaliatory headbutt
a: no special abilities


You were on level 2 of the Dungeon.
You visited 1 branch of the dungeon, and saw 2 of its levels.

You collected 150 gold pieces.

Inventory:

Hand Weapons
 a - a +0 war axe (weapon)
Armour
 b - a +0 scale mail (worn)
 c - a +0 buckler (worn)
Jewellery
 h - an amulet of the acrobat (around neck)
Scrolls
 g - a scroll of magic mapping {unknown}
Potions
 d - a potion of might
 e - 3 potions of heal wounds {unknown}
 f - a potion of degeneration {unknown}
 i - 2 potions of cancellation {unknown}
 k - a potion of magic {unknown}


   Skills:
 + Level 4.2 Fighting
 * Level 3.7 Axes
 + Level 4.2 Armour
 + Level 4.1 Shields


You had 2 spell levels left.
You didn't know any spells.
Your spell library contained the following spells:

 Spells                   Type           Power      Damage    Failure   Level
 Sting                    Tmut/Pois      0%         1d3       87%         1
 Poisonous Vapours        Pois/Air       0%         N/A       95%         2
 Olgreb's Toxic Radiance  Pois           0%         N/A       100%        4
 Summon Forest            Summ/Tloc      0%         N/A       100%        5
 Eringya's Noxious Bog    Tmut/Pois      0%         N/A       100%        6
 Summon Hydra             Summ           0%         N/A       100%        7


Dungeon Overview and Level Annotations

Branches:
Dungeon (2/15)

Altars:

Shops:
D:1 [


Innate Abilities, Weirdness & Mutations

You have a pair of horns on your head.
You reflexively headbutt those who attack you in melee.


Message History

The gnoll hits you from afar with a +0 spear.
The gnoll hits you from afar with a +0 halberd.
The gnoll hits you with a +0 whip. The gnoll misses you.
You furiously retaliate!
You headbutt the gnoll!
You kill the gnoll!
The gnoll misses you. The gnoll hits you with a +0 spear.
You see here a poisoned dart.
You are too injured to fight recklessly!
You are too injured to fight recklessly!
You are too injured to fight recklessly!
You are too injured to fight recklessly!
The gnoll attacks as you move away! The gnoll closely misses you.
You furiously retaliate!
You headbutt the gnoll. The gnoll hits you but does no damage.
The gnoll completely misses you. The gnoll misses you.
The gnoll completely misses you.
Things that are here:
a +0 whip; a +0 whip; a gnoll corpse The gnoll barely misses you.
You hit the gnoll.
The gnoll is lightly wounded.
The gnoll misses you. The gnoll completely misses you. You furiously retaliate!
You headbutt the gnoll! You hit the gnoll but do no damage.
The gnoll is severely wounded.
The gnoll hits you from afar with a +0 halberd!
* * * LOW HITPOINT WARNING * * *
You block the gnoll's attack.
You hit the gnoll but do no damage.
The gnoll is severely wounded.
The gnoll misses you. The gnoll closely misses you.
The gnoll hits you but does no damage. The gnoll closely misses you.
Sorry, you're not good enough to have a special ability.
Sorry, you're not good enough to have a special ability.
Unknown command.
Unknown command.
Sorry, you're not good enough to have a special ability.
You slash the gnoll!
You kill the gnoll!
The gnoll hits you from afar with a +0 halberd.
You die...

#........... #####
###...........# ....
####........... ....
...........#... #..#
####.#.....##.# ##..###
#.########.# ..... #.#
##.## #..#
#.#######...########(.#
#............@)g...)..#
#########...#########.#
##.## .# #.# .# #.[ .#
#### .# ##


You could see a gnoll.

Vanquished Creatures
  3 gnolls (D:2)
  An adder (D:2)
  3 bats
  4 endoplasms
  A giant cockroach (D:1)
  4 hobgoblins (D:1)
  4 jackals (D:2)
  5 kobolds
  A quokka (D:1)
  6 ball pythons
  A frilled lizard (D:1)
  2 rats
35 creatures vanquished.

Notes
Turn   | Place    | Note
-------+----------+-------------------------------------------
     0 | D:1      | Cape the Minotaur Fighter began the quest for the Orb.
     0 | D:1      | Reached XP level 1. HP: 19/19 MP: 0/0
   264 | D:1      | Found Wuolaog's Armour Shop.
   275 | D:1      | Reached XP level 2. HP: 27/27 MP: 1/1
  1131 | D:2      | Reached XP level 3. HP: 33/33 MP: 2/2
  1309 | D:2      | Slain by a gnoll

Illustrated notes

Levels and vault maps discovered:
D:1:      dpeg_arrival_rooms_a, layout_loops_corners, serial_shops,
          nicolae_shop_advertising_works [nicolae_subvault_shop_adworks],
          minmay_pentomino_x4
D:2:      layout_loops_ring

Skill      XL: |  1  2  3 |
---------------+----------+-----
Axes           | 3 |  3.7
Armour         | 4 |  4.2
Fighting       | 4 |  4.2
Shields        | 4 |  4.1

Action                   || total
-------------------------++-------
Melee: War axe           ||    58
       Headbutt          ||     6
Throw: Dart              ||     3
Armor: Scale mail        ||    29
Dodge: Dodged            ||    38
Block: Buckler           ||    17
